 Dungeon Crawl Stone Soup version 0.29-a0-384-g6960b1960d (webtiles) character file.

Game seed: 2770405533764627248

5647 Majang the Cleaver (level 11, -14/78 HPs)
             Began as a Human Fighter on May 6, 2022.
             Was an Elder of Hepliaklqana.
             Demolished by a sun demon (18 damage)
             ... summoned by a kobold demonologist
             ... on level 10 of the Dungeon on May 7, 2022.
             The game lasted 00:37:37 (9930 turns).

Majang the Cleaver (Human Fighter)                  Turns: 9930, Time: 00:37:38

Health: -14/78     AC: 24    Str: 21    XL:     11   Next: 4%
Magic:  22/22      EV:  8    Int:  5    God:    Hepliaklqana [****..]
Gold:   251        SH:  8    Dex: 13    Spells: 10/10 levels left

rFire   . . .      SeeInvis .   a - +2 broad axe
rCold   + . .      Faith    .   w - +3 buckler {rPois}
rNeg    . . .      Spirit   .   F - +5 chain mail of Uskayaw, Twisting {+Inv rPois MP+9 Int-3}
rPois   +          Reflect  .   x - +1 helmet
rElec   .          Harm     .   z - scarf {repulsion}
rCorr   .          Rampage  .   r - +2 pair of gloves
Will    .....                   (no boots)
Stlth   ..........              G - amulet of the acrobat
HPRegen 0.23/turn               d - +4 ring of protection
MPRegen 0.18/turn               j - ring of protection from cold

@: flying, studying Axes, repel missiles
A: reduced essence
a: Renounce Religion, Evoke Invisibility, Recall Ancestor, Ancestor Identity,
Transference, Idealise


You were on level 10 of the Dungeon.
You worshipped Hepliaklqana.
Hepliaklqana was greatly pleased with you.
You visited 2 branches of the dungeon, and saw 11 of its levels.
You also visited: Bailey.

You collected 648 gold pieces.
You spent 397 gold pieces at shops.

Inventory:

Hand Weapons
 a - a +2 broad axe (weapon)
 b - a +0 hand crossbow
 p - a +1 war axe of venom
 y - a +2 whip of electrocution
 E - a +2 falchion of flaming
Missiles
 e - a throwing net
Armour
 c - a +1 buckler
 q - +0 acid dragon scales
 r - a +2 pair of gloves (worn)
 t - a +2 cloak
 w - a +3 buckler of poison resistance (worn)
 x - a +1 helmet (worn)
 z - a scarf of repulsion (worn)
 F - the +5 chain mail of Uskayaw, Twisting (worn) {+Inv rPois MP+9 Int-3}
   (You found it on level 4 of the Dungeon)

   Int:       It affects your intelligence (-3).
   rPois:     It protects you from poison.
   MP:        It affects your magic capacity (+9).
   +Inv:      It lets you turn invisible.
 I - a +0 kite shield
Jewellery
 d - a +4 ring of protection (left hand)
 j - a ring of protection from cold (right hand)
 G - an amulet of the acrobat (around neck)
Wands
 k - a wand of polymorph (23)
 D - a wand of iceblast (9)
Scrolls
 f - 3 scrolls of teleportation
 g - a scroll of silence
 n - 3 scrolls of enchant armour
 H - a scroll of poison
Potions
 h - 4 potions of attraction
 i - 3 potions of resistance
 l - 4 potions of magic
 m - 6 potions of curing
 o - 2 potions of flight
 s - 2 potions of haste {unknown}
 u - 2 potions of mutation {unknown}
 v - 2 potions of lignification {unknown}
 A - 2 potions of cancellation {unknown}
 B - a potion of ambrosia {unknown}
 C - 5 potions of brilliance


   Skills:
 + Level 8.3 Fighting
 * Level 13.2 Axes
 * Level 4.6 Crossbows
 + Level 4.5 Armour
 + Level 3.1 Dodging
 + Level 4.5 Shields
 + Level 3.4 Invocations


You had 10 spell levels left.
You didn't know any spells.
Your spell library contained the following spells:

 Spells                   Type           Power      Damage    Failure   Level
 Foxfire                  Conj/Fire      0%         2x1d4     99%         1
 Magic Dart               Conj           0%         1d3       99%         1
 Call Imp                 Summ           0%         N/A       100%        2
 Scorch                   Fire           0%         2d5       100%        2
 Conjure Flame            Conj/Fire      0%         6-21      100%        3
 Dazzling Flash           Conj/Hex       0%         N/A       100%        3
 Gell's Gravitas          Tloc           0%         N/A       100%        3
 Inner Flame              Hex/Fire       0%         N/A       100%        3
 Lesser Beckoning         Tloc           0%         N/A       100%        3
 Mephitic Cloud           Conj/Pois/Air  0%         N/A       100%        3
 Teleport Other           Tloc           0%         N/A       100%        3
 Flame Wave               Conj/Fire      0%         2d4       100%        4
 Iskenderun's Mystic Bla  Conj/Tloc      0%         2d3       100%        4
 Leda's Liquefaction      Hex/Erth       0%         N/A       100%        4
 Lee's Rapid Deconstruct  Erth           0%         3d5*      100%        5
 Starburst                Conj/Fire      0%         6d3       100%        6
 Statue Form              Tmut/Erth      0%         N/A       100%        6
 Summon Cactus Giant      Summ           0%         N/A       100%        6


Dungeon Overview and Level Annotations

Branches:
Dungeon (10/15)            Temple (1/1) D:5            Lair (0/6) D:9
    Orc (0/2) D:9          Bailey (visited)

Altars:
Ashenzari
Cheibriados
Dithmenos
Elyvilon
Fedhas
Hepliaklqana
Kikubaaqudgha
Makhleb
Nemelex Xobeh
Okawaru
Qazlal
Ru
Trog
Uskayaw
Vehumet
Wu Jian
Xom
Yredelemnul
Zin
The Shining One

Shops:
D:6 (   D:7 [   D:8 [


Message History

Aim: a kobold demonologist, wielding a +0 dagger and wearing a +0 robe Attack!
Eumel misses the kobold demonologist.
The kobold demonologist gestures wildly while chanting.
You block the kobold brigand's attack. You block the sun demon's attack.
The ynoxinul gestures.
You slash the kobold brigand!
The kobold brigand is heavily wounded.
You closely miss the sun demon. You barely miss the ynoxinul.
You slash the ufetubus!
You kill the ufetubus!
The ufetubus disappears in a puff of smoke!
You closely miss the ufetubus. You closely miss the sun demon.
Eumel misses the kobold demonologist.
Eumel blocks the kobold demonologist's attack.
The ufetubus barely misses you. You block the ufetubus's attack.
The sun demon hits you but does no damage.
The kobold brigand barely misses you. You block the sun demon's attack.
The ynoxinul hits you but does no damage.
You slash the kobold brigand!
The kobold brigand is almost dead.
You closely miss the sun demon. You hit the ufetubus.
You hit the ynoxinul but do no damage. You hit the sun demon.
You block the ufetubus's attack. The ufetubus misses you.
The sun demon hits you!
You are engulfed in flames!
Eumel barely misses the kobold demonologist.
The kobold demonologist looks satisfied for a moment.
The kobold brigand barely misses Eumel.
The sun demon hits you!
You are engulfed in flames!!
* * * LOW HITPOINT WARNING * * *
The ynoxinul barely misses you.
It was a potion of flight.
You feel very buoyant.
You fly up into the air.
The ufetubus hits you but does no damage.
The ufetubus barely misses you.
The sun demon hits you but does no damage.
The sun demon hits you.
* * * LOW HITPOINT WARNING * * *
You are engulfed in flames!!
You die...

####### [.. #.....#
##... . #.##### ......
.. #.....# .....#
..#########.#
####.....#
............#
#..KK....#
#..........###3RKKK...#
+............'.@35....#
#..........###5.3K...##
#.........## #########
#......^..# #.........#
#.........#
######.####.+ .
#.####.# .#####......#


You could see the friendly Eumel the knight, 2 sun demons, a kobold demonologist
(ally target), a ynoxinul (summoned), a kobold brigand, a white imp (summoned),
an ufetubus (summoned) and 4 kobolds.

Vanquished Creatures
  A hornet (D:9)
  A vampire (Bailey)
  A steam dragon (D:8)
  3 water moccasins
  A sky beast (D:6)
  An ogre (D:5)
  3 centaurs
  2 phantoms
  2 bullfrogs
  2 necrophages
  A scorpion (D:4)
  5 killer bees (D:8)
  A wight (D:6)
  3 howler monkeys
  8 vampire bats (Bailey)
  3 wolf zombies (Bailey)
  4 hounds
  8 orc priests
  3 jellies
  An iguana (D:6)
  Natasha (twice) (D:2)
  4 orc wizards
  16 gnolls
  8 adders
  2 white imps
  2 worms (D:4)
  2 dart slugs
  43 orcs
  5 bats
  8 endoplasms
  A giant cockroach (D:1)
  7 goblins
  10 hobgoblins
  11 jackals
  5 quokkas
  8 ball pythons
  A frilled lizard (D:3)
  4 kobolds
  12 orc zombies (Bailey)
  4 rats
209 creatures vanquished.

Vanquished Creatures (collateral kills)
  Maggie (D:6)
  A gargoyle (Bailey)
  A troll (D:9)
  A basilisk (D:9)
  A water moccasin (D:9)
  2 orc warriors
  An ogre (D:3)
  A kobold brigand (D:8)
  2 wights (D:6)
  2 howler monkeys
  3 wolf zombies (Bailey)
  3 hounds (D:3)
  An orc priest (D:5)
  Natasha (D:2)
  4 orc wizards
  6 gnolls (D:3)
  2 adders (D:2)
  A shadow imp (D:8)
  12 orcs
  A ball python (D:4)
  A bat (D:2)
  2 endoplasms
  2 giant cockroaches
  A goblin (D:3)
  A hobgoblin (D:2)
  8 jackals (D:3)
  2 kobolds
  A quokka (D:4)
  A frilled lizard (D:3)
  5 orc zombies (Bailey)
71 creatures vanquished.

Vanquished Creatures (others)
  An orc wizard (D:4)
  A knight (D:3)
  4 plants (D:3)
6 creatures vanquished.

Grand Total: 286 creatures vanquished

Notes
Turn   | Place    | Note
-------+----------+-------------------------------------------
     0 | D:1      | Majang the Human Fighter began the quest for the Orb.
     0 | D:1      | Reached XP level 1. HP: 18/18 MP: 1/1
   105 | D:1      | Found a faded altar of an unknown god.
   115 | D:1      | Prayed at the altar of an unknown god.
   115 | D:1      | Became a worshipper of Hepliaklqana the Forgotten
   115 | D:1      | Reached * piety under Hepliaklqana
   172 | D:1      | Reached XP level 2. HP: 17/21 MP: 2/2
   660 | D:2      | Reached XP level 3. HP: 25/26 MP: 3/3
   668 | D:2      | Reached skill level 3 in Axes
   668 | D:2      | Noticed Natasha
   676 | D:2      | Killed Natasha
   677 | D:2      | Reached XP level 4. HP: 25/32 MP: 4/4
   689 | D:2      | Noticed Natasha
   695 | D:2      | Killed Natasha
   714 | D:2      | Noticed Natasha
   719 | D:2      | Killed Natasha
   720 | D:2      | Reached skill level 4 in Axes
   720 | D:2      | Reached XP level 5. HP: 29/37 MP: 5/5
  1177 | D:2      | Reached ** piety under Hepliaklqana
  1178 | D:2      | Remembered your ancestor Eumel as a knight
  1555 | D:3      | Reached XP level 6. HP: 43/43 MP: 6/6
  1620 | D:3      | You fall into a shaft and drop 2 floors!
  1620 | D:5      | Entered Level 5 of the Dungeon
  1626 | D:5      | Reached skill level 5 in Axes
  1709 | D:4      | Reached XP level 7. HP: 37/49 MP: 7/7
  1721 | D:4      | Reached skill level 6 in Axes
  2068 | D:4      | Reached skill level 5 in Fighting
  2175 | D:4      | Found an iron altar of Okawaru.
  2175 | D:4      | Found a burning altar of Makhleb.
  2176 | D:4      | Found a sacrificial altar of Ru.
  2199 | D:3      | Found a glowing golden altar of the Shining One.
  2202 | D:3      | Found a snail-covered altar of Cheibriados.
  2203 | D:3      | Found a white marble altar of Elyvilon.
  2663 | D:3      | Reached *** piety under Hepliaklqana
  2859 | D:3      | Reached skill level 7 in Axes
  2859 | D:3      | Reached XP level 8. HP: 38/56 MP: 8/8
  3431 | D:4      | Identified the +5 chain mail of Uskayaw, Twisting {+Inv
                  | rPois MP+9 Int-3}
  3721 | D:4      | Reached skill level 8 in Axes
  4277 | D:5      | Identified a scroll of acquirement
  4277 | D:5      | Acquired a manual of Axes
  4555 | D:5      | Reached skill level 9 in Axes
  4698 | D:5      | Found a staircase to the Ecumenical Temple.
  4712 | Temple   | Entered the Ecumenical Temple
  4808 | D:5      | Reached XP level 9. HP: 63/63 MP: 9/9
  4851 | D:5      | Reached skill level 10 in Axes
  5516 | D:6      | Reached skill level 11 in Axes
  5704 | D:6      | Found Iboedeyx's Weapon Shoppe.
  6091 | D:6      | Bought a +0 hand crossbow for 49 gold pieces
  6179 | D:6      | Reached **** piety under Hepliaklqana
  6448 | D:6      | Noticed Maggie
  6479 | D:6      | Killed Maggie
  6480 | D:6      | Reached skill level 1 in Crossbows
  6480 | D:6      | Reached skill level 1 in Invocations
  6586 | D:7      | Reached skill level 1 in Dodging
  6669 | D:7      | Identified the +6 leather armour of Forking Paths {rPois
                  | MP+9 Str+4 Dex-3}
  7069 | D:7      | Found Bokor's Antique Armour Boutique.
  7077 | D:7      | Bought a shiny buckler for 172 gold pieces
  7202 | D:8      | Reached XP level 10. HP: 53/72 MP: 11/11
  7205 | D:8      | Reached skill level 12 in Axes
  7362 | D:8      | Found Buchaen's Antique Armour Boutique.
  7436 | D:8      | Bought a runed scarf for 176 gold pieces
  8263 | D:9      | Found a flagged portal.
  8274 | Bailey   | Entered a bailey
  8804 | Bailey   | Noticed a gargoyle
  8812 | Bailey   | Killed a gargoyle
  9160 | D:9      | Found a staircase to the Orcish Mines.
  9176 | D:9      | Found a staircase to the Lair.
  9222 | D:9      | Reached skill level 13 in Axes
  9716 | D:9      | Reached XP level 11. HP: 73/77 MP: 13/13
  9806 | D:9      | Upgraded the game from 0.29-a0-383-g8b6f518c11 to
                  | 0.29-a0-384-g6960b1960d
  9826 | D:10     | Entered Level 10 of the Dungeon
  9920 | D:10     | Noticed a sun demon
  9928 | D:10     | Noticed a sun demon
  9930 | D:10     | Demolished by a sun demon

Illustrated notes

Levels and vault maps discovered:
D:1:      wheals_arrival_shading, layout_basic, basic_ecumenical_altar,
          corexii_item_surrounded_by_moat
D:2:      layout_rooms, minmay_pentomino_o4, uniq_natasha
D:3:      lemuel_castle_with_subvaults [lemuel_castle_interior_carwin_2],
          layout_loops_ring, minitemple
D:4:      layout_loops_cross, gammafunk_temple_overflow_claw
D:5:      layout_rooms, minmay_temple_entry_grid, portal_sewer_entry_b
D:6:      wander_river, layout_loops_ring, serial_shops,
          nicolae_shop_bloodbath_and_beyond, serial_co_window_serial,
          co_window_corner_a, co_window_corner_a, co_window_paths_a,
          co_window_corner_a, co_window_paths_b, co_window_paths_b,
          co_window_paths_b, co_window_corner_a, co_window_corner_a,
          co_window_corner_ca, co_window_corner_cb, co_window_of_opportunity_c,
          co_window_corner_b, co_window_broadway_c, glass_columns_b,
          glass_columns_a, glass_columns_a, uniq_maggie
D:7:      layout_loops_ring, serial_shops, shop
D:8:      layout_loops_ring, serial_shops, nicolae_shop_trees
D:9:      layout_rooms, dpeg_oklobed_lair, orc_0_dummy, enter_bailey_2
D:10:     kennysheep_seaside_town, layout_basic, lemuel_doored_altar,
          led_sif_book, uniq_grum, uniq_snorg, uniq_erolcha
Temple:   nicolae_temple_great_sept

Skill      XL: |  1  2  3  4  5  6  7  8  9 10 |
---------------+-------------------------------+-----
Axes           | 3 4 5 7 9 11 13 | 13.2
Fighting       | 4 5 6 7 8 |  8.3
Crossbows      | 2 4 |  4.6
Invocations    | 1 3 |  3.4
Dodging        | 1 3 |  3.1
Armour         | 4 |  4.5
Shields        | 4 |  4.5

Action                   |  1- 3 |  4- 6 |  7- 9 | 10-12 || total
-------------------------+-------+-------+-------+-------++-------
Melee: War axe           |    44 |    93 |   295 |     2 ||   434
       Broad axe         |       |       |    20 |   165 ||   185
 Fire: Hand crossbow     |       |       |       |     2 ||     2
Invok: Ancestor Identity |     1 |       |       |       ||     1
       Ancestor Life: Kn |       |     1 |       |       ||     1
       Recall Ancestor   |       |       |     2 |       ||     2
  Use: Scroll            |       |       |    19 |     3 ||    22
       Potion            |       |       |       |     2 ||     2
 Stab: Distracted        |       |       |     2 |     2 ||     4
Armor: Scale mail        |    21 |    55 |    76 |       ||   152
       Chain mail        |       |       |   111 |    94 ||   205
Dodge: Dodged            |    28 |    40 |   125 |    65 ||   258
       Repelled          |       |       |       |     3 ||     3
Block: Buckler           |     5 |    23 |    74 |    64 ||   166

Table legend: (Time is in decaauts)
 A = Elapsed time spent in this place.
 B = Non-inter-level travel time spent in this place.
 C = Inter-level travel time spent in this place.
 D = Time resting spent in this place.
 E = Time spent auto-exploring this place.
 F = Levels seen in this place.
 G = Mean time per level.
                   A        B        C        D        E       F      G
               +--------+--------+--------+--------+--------+-----+--------+
         Total |  10057 |   9606 |    451 |   2542 |   4257 |  12 |  838.1 |
       Dungeon |   9155 |   8704 |    451 |   2211 |   4106 |  10 |  915.5 |
        Temple |     81 |     81 |      0 |      0 |      0 |   1 |   81.0 |
        Bailey |    820 |    820 |      0 |    331 |    151 |   1 |  820.0 |
               +--------+--------+--------+--------+--------+-----+--------+

Top non-repeatable levels by time:
     D:4: 1524 daAuts
     D:3: 1475 daAuts
     D:6: 1292 daAuts
     D:8: 1003 daAuts
     D:5: 864 daAuts
  Bailey: 820 daAuts
     D:2: 815 daAuts
     D:9: 793 daAuts
     D:1: 645 daAuts
     D:7: 637 daAuts
    D:10: 103 daAuts
  Temple: 81 daAuts
